 Dungeon Crawl Stone Soup version 0.32-a0-921-g04a7ad8e02 (webtiles) character file.

Game seed: 13744487200378934116

2923 Autsider the Cleaver (level 10, -6/82 HPs)
             Began as a Formicid Fighter on Apr 11, 2024.
             Was a Follower of Qazlal.
             Mangled by an orc knight
             ... wielding a +0 halberd
              (18 damage)
             ... in a bailey.
             The game lasted 00:19:26 (7272 turns).

Autsider the Cleaver (Formicid Fighter)             Turns: 7272, Time: 00:19:26

Health: -6/82      AC: 16    Str: 25    XL:     10   Next: 6%
Magic:  9/10       EV:  5    Int:  8    God:    Qazlal [*.....]
Gold:   301        SH:  6    Dex: 13    Spells: 9/9 levels left

rFire   + . .        r - +4 dagger (venom)
rCold   . . .        c - +0 buckler
rNeg    + . .        i - +2 plate armour
rPois   +            (helmet unavailable)
rElec   .            y - +0 cloak
rCorr   +            u - +0 pair of gloves
SInv    +            (no boots)
Will    +....        m - amulet of the acrobat Stlth
                     h - ring of protection from fire
HPRegen 0.33/turn    w - ring "Zamm" {rPois rN+ rCorr}
MPRegen 0.12/turn

%: acrobat
@: no status effects
A: permanent stasis, dig shafts and tunnels, antennae 3, four strong arms
a: Dig, Renounce Religion


You were in a bailey.
You worshipped Qazlal.
Qazlal was aware of your devotion.
You visited 2 branches of the dungeon, and saw 8 of its levels.
You also visited: Bailey.

You collected 301 gold pieces.

Inventory:

Hand Weapons
 a - a +0 war axe
 r - a +4 dagger of venom (weapon)
 v - a +2 flail of protection
 A - a +3 trident of venom
 E - a +4 mace of freezing
Armour
 b - a +0 scale mail
 c - a +0 buckler (worn)
 i - a +2 plate armour (worn)
 u - a +0 pair of gloves (worn)
 y - a +0 cloak (worn)
Jewellery
 h - a ring of protection from fire (left hand)
 m - an amulet of the acrobat (around neck)
 w - the ring "Zamm" (right hand) {rPois rN+ rCorr}
   (You found it on level 3 of the Dungeon)

   [ring of positive energy]

   rPois:     It protects you from poison.
   rN+:       It protects you from negative energy.
   rCorr:     It protects you from acid and corrosion.
Wands
 s - a wand of flame (36)
Scrolls
 f - 2 scrolls of enchant armour
 t - a scroll of revelation
 x - a scroll of fog
 C - a scroll of silence
Potions
 d - a potion of might
 j - a potion of brilliance {unknown}
 l - a potion of resistance {unknown}
 n - 2 potions of attraction {unknown}
 o - 2 potions of haste {unknown}
 p - a potion of heal wounds {unknown}
 z - 2 potions of degeneration
 B - a potion of cancellation {unknown}
 D - a potion of enlightenment {unknown}


   Skills:
 + Level 8.8 Fighting
 * Level 10.6 Axes
 - Level 5.0 Armour
 - Level 4.0 Shields


You had 9 spell levels left.
You didn't know any spells.
Your spell library contained the following spells:

 Spells                   Type           Power      Damage    Failure   Level
 Sublimation of Blood     Necr           0%         N/A       100%        2
 Petrify                  Alch/Erth      0%         N/A       100%        4
 Irradiate                Conj/Alch      0%         3d11      100%        5


Dungeon Overview and Level Annotations

Branches:
Dungeon (7/15)             Temple (1/1) D:5          Bailey (1/1)

Altars:
Ashenzari
Cheibriados
Dithmenos
Elyvilon
Fedhas
Gozag
Hepliaklqana
Kikubaaqudgha
Makhleb
Nemelex Xobeh
Okawaru
Qazlal
Sif Muna
Trog
Uskayaw
Vehumet
Wu Jian
Xom
Yredelemnul
Zin
The Shining One

Shops:
D:3 ?

Annotations:
D:4 1 runed translucent door, basamash's ghost, amateur TrFi
D:5 exclusion: 2 downstairs
D:6 Jeremiah
Temple 2 transporters


Innate Abilities, Weirdness & Mutations

You cannot be hasted, slowed, berserked, paralysed or teleported.
You can dig through walls and to a lower floor.
You have a pair of large antennae on your head. (SInv)
Your four strong arms can wield two-handed weapons with a shield.


Message History

The orc knight hits you but does no damage.
You closely miss the orc knight.
The orc knight is severely wounded.
The orc knight hits you with a +0 halberd.
* * * LOW HITPOINT WARNING * * *
You completely miss the orc knight.
The orc knight is severely wounded.
The orc knight hits you with a +0 halberd.
* * * LOW HITPOINT WARNING * * *
Okay, then.
Aiming: Throw Flame
Press: ? - help, Shift-Dir - straight line, f/p - orc knight
Aim: an orc knight, wielding a +0 halberd and wearing a +0 scale mail (black smoke, severely wounded, extremely poisoned, 60% to hit)
The puff of flame hits the orc knight.
The orc knight is severely wounded.
You block the orc knight's attack.
Aiming: Throw Flame
Press: ? - help, Shift-Dir - straight line, f/p - orc knight
Aim: an orc knight, wielding a +0 halberd and wearing a +0 scale mail (black smoke, severely wounded, extremely poisoned, 60% to hit)
The puff of flame misses the orc knight.
The orc knight hits you with a +0 halberd.
* * * LOW HITPOINT WARNING * * *
Aiming: Throw Flame
Press: ? - help, Shift-Dir - straight line, f/p - orc knight
Aim: an orc knight, wielding a +0 halberd and wearing a +0 scale mail (almost dead, extremely poisoned, 60% to hit)
The puff of flame hits the orc knight but does no damage.
The orc knight is almost dead.
You block the orc knight's attack.
Aiming: Throw Flame
Press: ? - help, Shift-Dir - straight line, f/p - orc knight
Aim: an orc knight, wielding a +0 halberd and wearing a +0 scale mail (almost dead, extremely poisoned, 60% to hit)
The puff of flame misses the orc knight.
You block the orc knight's attack.
You hit the orc knight but do no damage.
The orc knight is almost dead.
The orc knight hits you but does no damage.
You closely miss the orc knight.
The orc knight is almost dead.
The orc knight hits you with a +0 halberd!!
You die...

.)....~~..## ##..~)..........#
~~~~~~~..##[ ##..~~~~~~~~~~.#
........## .. ##..........~.#
############'#############.~.#
#.$$$.##......§..##.....##.~.#
##.$.##..≈≈≈.§≈≈..#'...##..~.#
.##.##.§≈≈..§§.≈§.§##.##..~~.#
..#'#..§≈§..⌠...≈§..#'#..~~.##
..# ....§.⌠∩⌠.o@...#'#..~~.∩#
.## #..§≈....(≈§..## ##..~~.#
## #..§≈≈≈≈≈§..## ##..~.# #
#§........## ##.~.#
############'###'#########)~.#
....o...##.....##..........~.#
~~~o~~~..##.∩.##..~~~~~~~~~~.#
...o..~~..##.##..~)..........#
#####..~~..###..~~..##########


You could see an orc knight (very poisoned).

Vanquished Creatures
  Sigmund (D:2)
  A steam dragon (D:6)
  An ice beast (D:6)
  7 orc warriors (Bailey)
  3 black bears
  An ogre (D:5)
  A centaur (D:6)
  2 phantoms
  A kobold brigand (D:5)
  A gnoll sergeant (D:5)
  A bullfrog (D:6)
  3 scorpions
  4 wights (D:6)
  A hound (D:5)
  2 jellies
  An orc priest (D:7)
  Crazy Yiuf (D:5)
  4 iguanas
  Terence (D:2)
  Natasha (thrice) (D:2)
  2 orc wizards
  Robin (D:3)
  7 adders
  6 gnolls
  2 white imps (D:5)
  8 ufetubi
  2 ribbon worms
  19 orcs
  4 ball pythons
  11 endoplasms
  6 giant cockroaches
  18 goblins
  11 hobgoblins
  5 jackals
  8 kobolds
  2 quokkas
  7 bats
  3 frilled lizards (D:1)
  7 rats
169 creatures vanquished.

Notes
Turn   | Place    | Note
-------+----------+-------------------------------------------
     0 | D:1      | Autsider the Formicid Fighter began the quest for the Orb.
     0 | D:1      | Reached XP level 1. HP: 18/18 MP: 1/1
   101 | D:1      | Reached XP level 2. HP: 24/24 MP: 2/2
   250 | D:1      | Reached XP level 3. HP: 30/30 MP: 3/3
   291 | D:1      | Reached skill level 3 in Axes
   588 | D:2      | Noticed Terence
   603 | D:2      | Killed Terence
   604 | D:2      | Reached XP level 4. HP: 28/37 MP: 4/4
   912 | D:2      | Noticed Sigmund
   921 | D:2      | Killed Sigmund
   922 | D:2      | Reached skill level 4 in Axes
   922 | D:2      | Reached XP level 5. HP: 36/43 MP: 5/5
   922 | D:2      | Reached XP level 6. HP: 41/49 MP: 6/6
  1092 | D:2      | Noticed Natasha
  1096 | D:2      | Killed Natasha
  1330 | D:2      | Noticed Natasha
  1338 | D:2      | Killed Natasha
  1359 | D:2      | Noticed Natasha
  1366 | D:2      | Killed Natasha
  1367 | D:2      | Reached skill level 5 in Axes
  1509 | D:3      | Noticed Robin
  1536 | D:3      | Killed Robin
  1584 | D:3      | Reached XP level 7. HP: 47/51 MP: 7/7
  1613 | D:3      | Reached skill level 5 in Fighting
  1933 | D:3      | Found Loiwa's Magic Scroll Shoppe.
  2112 | D:3      | Found a faded altar of an unknown god.
  2121 | D:3      | Identified the ring "Zamm" {rPois rN+ rCorr}
  2242 | D:4      | Reached skill level 5 in Armour
  2322 | D:4      | Found a runed translucent door.
  2322 | D:4      | Noticed basamash's ghost (amateur TrFi)
  2754 | D:4      | Reached skill level 6 in Axes
  3290 | D:5      | Entered Level 5 of the Dungeon
  3323 | D:5      | Reached XP level 8. HP: 61/64 MP: 8/8
  3604 | D:5      | Reached skill level 7 in Axes
  3642 | D:5      | Found a staircase to the Ecumenical Temple.
  3667 | Temple   | Found a transporter.
  3667 | Temple   | Found a transporter.
  3667 | Temple   | Found a transporter.
  3667 | Temple   | Found a transporter.
  3667 | Temple   | Entered the Ecumenical Temple
  3687 | Temple   | Became a worshipper of Qazlal Stormbringer
  4419 | D:5      | Found a runed translucent door.
  4420 | D:5      | Noticed Crazy Yiuf
  4430 | D:5      | Killed Crazy Yiuf
  4431 | D:5      | Reached skill level 8 in Axes
  4492 | D:6      | Noticed Jeremiah
  4844 | D:6      | Reached XP level 9. HP: 66/72 MP: 9/9
  5084 | D:6      | Reached skill level 9 in Axes
  5307 | D:6      | Reached * piety under Qazlal
  5799 | D:7      | Found a glowing golden altar of the Shining One.
  5799 | D:7      | Found an iron altar of Okawaru.
  5844 | D:7      | Found the +6 shillelagh "Devastator" {shatter}
  5874 | D:7      | Found a flagged portal.
  5907 | Bailey   | Entered a bailey
  6315 | Bailey   | Identified the +11 crystal plate armour of Bahougg {rN+
                  | Regen+ Int+2}
  6385 | Bailey   | Reached skill level 10 in Axes
  6639 | Bailey   | Reached XP level 10. HP: 21/82 MP: 10/10
  6879 | Bailey   | Noticed an orc knight
  6910 | Bailey   | HP: 4/82 [orc warrior/+0 trident (12)]
  6915 | Bailey   | Reached ** piety under Qazlal
  7272 | Bailey   | Mangled by an orc knight

Illustrated notes

Levels and vault maps discovered:
D:1:      minmay_arrival_stair_chambers, layout_rooms, serial_park_tiny_2,
          minmay_tromino_v7
D:2:      layout_loops_ring, uniq_terence, uniq_natasha, uniq_sigmund
D:3:      layout_basic, shapermc_ecumenical_altar_mp_highgroup, serial_shops,
          shop, bh_walls_and_bars, uniq_robin
D:4:      layout_basic, hellmonk_ghost_happy_afterlife, chequers_big_river,
          grunt_ministairs_10
D:5:      layout_loops_ring, minmay_temple_entry_crystal_x,
          uniq_crazy_yiuf_cottage
D:6:      layout_rooms, uniq_jeremiah
D:7:      layout_loops_ring, gammafunk_temple_overflow_elements, enter_bailey_5,
          nicolae_water_bricks, minmay_circle_x
Temple:   hellmonk_temple_divided_pantheon
Bailey:   bailey_polearm_1, bailey

Skill      XL: |  1  2  3  4  5  6  7  8  9 |
---------------+----------------------------+-----
Axes           | 3 4 5 6 8 10 | 10.6
Fighting       | 4 5 7 8 |  8.8
Armour         | 4 5 |  5.0
Shields        | |  4.0

Action                     |  1- 3 |  4- 6 |  7- 9 | 10-12 || total
---------------------------+-------+-------+-------+-------++-------
  Melee: War axe           |    86 |    47 |       |       ||   133
         Dagger            |       |    46 |   499 |    26 ||   571
         Flail             |       |       |    51 |       ||    51
  Throw: Dart              |       |       |     8 |     6 ||    14
 Invoke: Upheaval          |       |       |       |     1 ||     1
Ability: Dig               |       |     1 |     3 |       ||     4
  Evoke: Wand              |       |       |     2 |     4 ||     6
    Use: Scroll            |       |       |    13 |     1 ||    14
         Potion            |       |       |     3 |     1 ||     4
 Armour: Scale mail        |    39 |       |       |       ||    39
         Plate armour      |    23 |    81 |   446 |    20 ||   570
  Dodge: Dodged            |    35 |    21 |   182 |     6 ||   244
  Block: Buckler           |    23 |    15 |   151 |    18 ||   207

Table legend: (Time is in decaauts)
 A = Elapsed time spent in this place.
 B = Non-inter-level travel time spent in this place.
 C = Inter-level travel time spent in this place.
 D = Time resting spent in this place.
 E = Time spent auto-exploring this place.
 F = Levels seen in this place.
 G = Mean time per level.
                   A        B        C        D        E       F      G
               +--------+--------+--------+--------+--------+-----+--------+
         Total |   7371 |   6925 |    446 |   1145 |   3762 |   9 |  819.0 |
       Dungeon |   5950 |   5518 |    432 |    357 |   3666 |   7 |  850.0 |
        Temple |     35 |     21 |     14 |      0 |      0 |   1 |   35.0 |
        Bailey |   1384 |   1384 |      0 |    788 |     95 |   1 | 1384.0 |
               +--------+--------+--------+--------+--------+-----+--------+

Top non-repeatable levels by time:
     D:5: 1554 daAuts
  Bailey: 1384 daAuts
     D:4: 1069 daAuts
     D:6: 884 daAuts
     D:2: 834 daAuts
     D:3: 830 daAuts
     D:1: 617 daAuts
     D:7: 160 daAuts
  Temple: 35 daAuts
